 Dungeon Crawl Stone Soup version 0.28-a0-769-g550dbda0cd (webtiles) character file.

Game seed: 10802709173240193844

1347 croobank the Digger (level 8, -1/44 HPs)
             Began as a Gargoyle Earth Elementalist on Nov 1, 2021.
             Killed themself with a badly aimed iceblast (4 damage)
             ... on level 6 of the Dungeon.
             The game lasted 00:48:49 (6299 turns).

croobank the Digger (Gargoyle Earth Elementalist)   Turns: 6299, Time: 00:48:49

Health: -1/44      AC: 16    Str: 14    XL:     8   Next: 62%
Magic:  13/16      EV: 11    Int: 16    God:
Gold:   287        SH:  0    Dex: 10    Spells: 12/18 levels left

rFire   + . .      SeeInvis .   a - +0 quarterstaff
rCold   . . .      Faith    .   (shield currently unavailable)
rNeg    + . .      Spirit   .   t - +2 ring mail {rF+}
rPois   ∞          Reflect  .   d - +2 helmet
rElec   +          Harm     .   (no cloak)
rCorr   .          Rampage  .   (no gloves)
Will    .....                   (no boots)
Stlth   +.........              (no amulet)
HPRegen 0.14/turn               (no ring)
MPRegen 0.15/turn               (no ring)

@: mighty, very slightly contaminated
A: sickness immunity, AC +5, negative energy resistance 1, electricity
resistance, torment resistance 1, petrification resistance
a: no special abilities


You were on level 6 of the Dungeon.
You visited 1 branch of the dungeon, and saw 6 of its levels.

You collected 287 gold pieces.

Inventory:

Hand Weapons
 a - a +0 quarterstaff (weapon)
 c - a +1 short sword of draining
 h - a +0 long sword
 k - a +0 short sword
 l - a +0 trident
 r - a +0 morningstar
 z - a +0 hand axe
 C - a +0 scimitar
Missiles
 e - 21 poisoned darts
 f - 53 arrows
 v - 14 sling bullets
 w - 3 boomerangs
 y - a stone
Armour
 b - a +0 robe
 d - a +2 helmet (worn)
 m - a +0 chain mail
 t - a +2 ring mail of fire resistance (worn)
 D - a +0 plate armour
Jewellery
 j - a ring of protection from cold
Wands
 o - a wand of iceblast (8)
Scrolls
 g - a scroll of magic mapping {unknown}
 i - a scroll of silence {unknown}
 s - a scroll of enchant weapon {unknown}
 u - 2 scrolls of amnesia {unknown}
 x - a scroll of summoning {unknown}
 B - a scroll of teleportation {unknown}
Potions
 n - a potion of lignification
 q - a potion of might
 A - a potion of flight {unknown}


   Skills:
 + Level 2.3 Fighting
 + Level 4.7 Staves
 + Level 3.3 Armour
 + Level 2.7 Dodging
 + Level 2.9 Stealth
 + Level 5.7 Spellcasting
 + Level 1.0 Transmutations
 + Level 6.0 Earth Magic


You had 12 spell levels left.
You knew the following spells:

 Your Spells              Type           Power      Damage    Failure   Level
a - Sandblast             Erth           48%        2d12      2%          1
b - Passwall              Tmut/Erth      12%        N/A       10%         2
c - Stone Arrow           Conj/Erth      28%        3d8       24%         3

Your spell library contained the following spells:

 Spells                   Type           Power      Damage    Failure   Level
 Petrify                  Tmut/Erth      15%        N/A       54%         4
 Ignite Poison            Fire/Tmut/Pois 5%         N/A       58%         3
 Mephitic Cloud           Conj/Pois/Air  4%         N/A       63%         3
 Cause Fear               Hex            2%         N/A       95%         4
 Freezing Cloud           Conj/Ice/Air   2%         6-21      100%        5
 Dragon Form              Tmut           3%         N/A       100%        7
 Dragon's Call            Summ           2%         N/A       100%        9


Dungeon Overview and Level Annotations

Branches:
Dungeon (6/15)             Temple (0/1) D:6

Altars:
Cheibriados
Okawaru
Ru
Trog


Innate Abilities, Weirdness & Mutations

You are immune to sickness and miasma.
Your stone body is resilient. (AC +5)
You are immune to poison.
You resist negative energy. (rN+)
You are resistant to electric shocks. (rElec)
You are resistant to unholy torment.
You are immune to petrification.


Message History

Press: ? - help, Dir - move target, p - orc warrior
As you read the scroll of blinking, it crumbles to dust.
A hound comes into view.
The hound barks!
Found a flail and a book of Party Tricks.
You see here a +0 flail.
Casting: Sandblast (safe; 2% risk of failure)
Confirm with . or Enter, or press ? or * to list all spells.
The spell is quite dangerous to cast (24% risk of failure)!
Continue anyway?
Aiming: Stone Arrow (quite dangerous; 24% risk of failure)
Press: ? - help, Shift-Dir - straight line, f - orc warrior
Aim: an orc warrior, wielding a +0 glaive and wearing a +0 chain mail (lightly wounded, 64% to hit)
You miscast Stone Arrow.
You are very lightly contaminated with residual magic.
You feel a surge of energy from the ground.
A sky beast comes into view.
Press: ? - help, v - describe, . - travel
Here: an orc warrior, wielding a +0 glaive and wearing a +0 chain mail (lightly wounded)
The floor.
Aiming: Iceblast
Press: ? - help, Shift-Dir - straight line, f/p - orc warrior
Aim: an orc warrior, wielding a +0 glaive and wearing a +0 chain mail (lightly wounded) That beam is likely to hit you.
Continue anyway?
Uppercase [Y]es or [N]o only, please.
That beam is likely to hit you.
Continue anyway?
The mass of ice explodes!
The iceblast engulfs the orc.
The orc is heavily wounded.
The iceblast engulfs you!
* * * LOW HITPOINT WARNING * * *
The iceblast engulfs the orc warrior!
The orc warrior is severely wounded.
You hear a shout!
The orc warrior hits you but does no damage.
Aiming: Iceblast
Press: ? - help, Shift-Dir - straight line, p - orc warrior That beam is likely to hit you.
Continue anyway?
Uppercase [Y]es or [N]o only, please.
That beam is likely to hit you.
Continue anyway?
The mass of ice explodes!
The iceblast engulfs you.
You die...

...##.#.....# #.# #...#.#.....#
#..##.#.....###.# #...#.#.....#
.............##.# #...#.#.....#
.######......##.. +...#.#.....#
....†)........#####...#.#.....#
.#######..............#.#.....#
.#######....#.###.#.#.#.#.....#.#
.......#.#..........#.#.#.......#
................@o....Y..........
#....#.#.....#.##................
#.##.#.#.....# #o####.##########
#.##.#.#.....# #.{.#..........#
#......'<....## #...#..#.......#
########.....##.#)..#h.#.......#
.............##.....#..#.......#
########.....###.#.##..#...†...##
#..<..# #.....h......###..


You could see an orc warrior, a sky beast and an orc.

Vanquished Creatures
  Duvessa (D:5)
  2 black bears (D:4)
  2 necrophages
  An ogre (D:4)
  Dowan (D:5)
  A scorpion (D:3)
  2 water moccasin skeletons
  3 orc priests (D:5)
  A bullfrog skeleton (D:5)
  2 hounds
  2 iguanas
  3 orc wizards
  3 river rats (D:3)
  7 adders
  A shadow imp (D:6)
  A white imp (D:6)
  An adder zombie (D:5)
  7 worms
  3 dart slugs
  38 orcs
  6 bats
  3 endoplasms
  5 giant cockroaches
  6 goblins
  8 hobgoblins
  2 jackals (D:1)
  9 quokkas
  5 ball pythons
  5 frilled lizards
  8 kobolds
  5 rats
144 creatures vanquished.

Notes
Turn   | Place    | Note
-------+----------+-------------------------------------------
     0 | D:1      | croobank the Gargoyle Earth Elementalist began the quest
                  | for the Orb.
     0 | D:1      | Reached XP level 1. HP: 10/10 MP: 3/3
   126 | D:1      | Reached skill level 4 in Earth Magic
   384 | D:1      | Reached skill level 1 in Transmutations
   384 | D:1      | Reached XP level 2. HP: 15/15 MP: 5/5
   525 | D:1      | You fall into a shaft and drop 1 floor!
   525 | D:2      | Found a faded altar of an unknown god.
   660 | D:2      | Reached XP level 3. HP: 4/19 MP: 3/6
  1400 | D:1      | Reached skill level 1 in Staves
  1569 | D:1      | Reached XP level 4. HP: 24/24 MP: 6/8
  1938 | D:2      | Learned a level 2 spell: Passwall
  1942 | D:2      | Learned a level 3 spell: Stone Arrow
  2291 | D:3      | Found a snail-covered altar of Cheibriados.
  2587 | D:3      | Noticed a scorpion
  2597 | D:3      | Killed a scorpion
  2598 | D:3      | Reached skill level 1 in Fighting
  2598 | D:3      | Reached XP level 5. HP: 11/29 MP: 9/9
  3591 | D:4      | Found a sacrificial altar of Ru.
  3633 | D:4      | Reached XP level 6. HP: 29/34 MP: 9/11
  3750 | D:4      | Noticed a black bear
  3751 | D:4      | Found a bloodstained altar of Trog.
  3752 | D:4      | Noticed a black bear
  3766 | D:4      | Killed a black bear
  3803 | D:4      | Killed a black bear
  3804 | D:4      | Reached skill level 5 in Earth Magic
  3804 | D:4      | Reached XP level 7. HP: 29/39 MP: 1/12
  4507 | D:5      | Entered Level 5 of the Dungeon
  4918 | D:5      | Reached skill level 5 in Spellcasting
  4918 | D:5      | Reached XP level 8. HP: 41/44 MP: 12/15
  5175 | D:5      | Found an iron altar of Okawaru.
  5282 | D:5      | Noticed Duvessa
  5282 | D:5      | Noticed Dowan
  5296 | D:5      | Killed Duvessa
  5313 | D:5      | Killed Dowan
  6211 | D:6      | Found a staircase to the Ecumenical Temple.
  6257 | D:6      | Reached skill level 6 in Earth Magic
  6297 | D:6      | HP: 2/44 [shot self (11)]
  6299 | D:6      | Killed themself with a badly aimed iceblast

Illustrated notes

Levels and vault maps discovered:
D:1:      shiori_arrival_maze, layout_loops_corners
D:2:      layout_rooms, hellmonk_ecumenical_altar_lost_god
D:3:      layout_loops_cross, kennysheep_slug_shrine, lightli_sewer_entry_pipes,
          eino_tiny_chamber
D:4:      layout_loops_ring, nicolae_ru_sacrificial_ziggurat,
          trog_ov_bears_minmay
D:5:      layout_loops_ring, okawaru_gym_becter, minmay_misc_feat_secret_circle,
          roderic_three_in_a_row, uniq_duvessa, uniq_crazy_yiuf_cottage
D:6:      layout_basic, amcnicky_altar_gilded, minmay_temple_entry_waves

Skill      XL: |  1  2  3  4  5  6  7  8 |
---------------+-------------------------+-----
Earth Magic    | 4 5 6 |  6.0
Transmutations | 1 |  1.0
Staves         | 1 2 3 4 |  4.7
Dodging        | 2 |  2.7
Fighting       | 1 2 |  2.3
Spellcasting   | 3 5 |  5.7
Armour         | 2 3 |  3.3
Stealth        | |  2.9

Action                   |  1- 3 |  4- 6 |  7- 9 || total
-------------------------+-------+-------+-------++-------
Melee: Quarterstaff      |   105 |   139 |   177 ||   421
 Cast: Sandblast         |    19 |    40 |    61 ||   120
       Stone Arrow       |       |       |     1 ||     1
Evoke: Wand              |       |       |     4 ||     4
  Use: Scroll            |     1 |     1 |     4 ||     6
       Potion            |       |     3 |     6 ||     9
 Stab: Sleeping          |     2 |     1 |       ||     3
Armor: Robe              |    51 |    30 |       ||    81
       Ring mail         |       |    17 |   117 ||   134
Dodge: Dodged            |   108 |    90 |    96 ||   294

Table legend: (Time is in decaauts)
 A = Elapsed time spent in this place.
 B = Non-inter-level travel time spent in this place.
 C = Inter-level travel time spent in this place.
 D = Time resting spent in this place.
 E = Time spent auto-exploring this place.
 F = Levels seen in this place.
 G = Mean time per level.
                   A        B        C        D        E       F      G
               +--------+--------+--------+--------+--------+-----+--------+
         Total |   6390 |   6274 |    116 |    645 |   3968 |   6 | 1065.0 |
       Dungeon |   6390 |   6274 |    116 |    645 |   3968 |   6 | 1065.0 |
               +--------+--------+--------+--------+--------+-----+--------+

Top non-repeatable levels by time:
     D:3: 1376 daAuts
     D:4: 1277 daAuts
     D:1: 1191 daAuts
     D:5: 1100 daAuts
     D:2: 971 daAuts
     D:6: 472 daAuts
